 Dungeon Crawl Stone Soup version 0.18-a0-337-g1235303 (webtiles) character file.

294 FishmanTm the Insei (level 6, 0/47 HPs)
             Began as a Merfolk Transmuter on Nov 28, 2015.
             Slain by Pikel
             ... wielding a +0 whip of freezing
              (1 damage)
             ... on level 3 of the Dungeon.
             The game lasted 00:08:47 (4429 turns).

FishmanTm the Insei (Merfolk Transmuter)            Turns: 4429, Time: 00:08:47

Health: 0/47       AC:  5    Str: 16    XL:     6   Next: 33%
Magic:  5/9        EV: 13    Int: 18    God:
Gold:   103        SH:  0    Dex: 15    Spells: 3 memorised, 3 levels left

rFire  . . .     SeeInvis .       - Unarmed
rCold  . . .     Clarity  .     b - +0 robe
rNeg   . . .     SustAt   .     (no shield)
rPois  .         Gourm    .     (no helmet)
rElec  .         Spirit   .     q - +0 cloak
rCorr  .         Warding  .     m - +0 pair of gloves
rMut   .         Stasis   .     k - +0 pair of boots
MR     .....                    (no amulet)
Stlth  +.........               (no ring)
                                (no ring)

@: mighty, brilliant, lethally poisoned (0 -> -3), very slightly contaminated,
slowed, very slow, not resistant to hostile enchantments, very unstealthy
A: change form in water, swift swim
a: no special abilities


You were on level 3 of the Dungeon.
You were hungry.

You visited 1 branch of the dungeon, and saw 4 of its levels.

You collected 103 gold pieces.

Inventory:

Missiles
 a - 43 arrows
Armour
 b - a +0 robe (worn)
 k - a +0 pair of boots (worn)
 m - a +0 pair of gloves (worn)
 q - a +0 cloak (worn)
Wands
 l - a wand of flame (9)
 p - a wand of confusion (16)
Scrolls
 f - 6 scrolls of teleportation
 g - a scroll of blinking {unknown}
 n - a scroll of enchant armour {unknown}
 o - 2 scrolls of remove curse {unknown}
 s - 3 scrolls of identify
Potions
 e - a potion of haste {unknown}
 r - a potion of agility {unknown}
 t - a potion of curing {unknown}
Books
 c - a book of Changes

   Spells                             Type                      Level
   a - Beastly Appendage              Transmutation                1
   b - Sticks to Snakes               Transmutation                2
   c - Spider Form                    Transmutation/Poison         3
   d - Ice Form                       Ice/Transmutation            4
   e - Blade Hands                    Transmutation                5
Comestibles
 d - 3 bread rations
 j - a meat ration
 u - a beef jerky
 v - 2 chunks of flesh


   Skills:
 - Level 3.1 Fighting
 - Level 2.6 Dodging
 + Level 5.7 Unarmed Combat
 - Level 2.0 Spellcasting
 - Level 5.0 Transmutations
 - Level 1.0 Evocations


You had 3 spell levels left.
You knew the following spells:

 Your Spells              Type           Power        Failure   Level  Hunger
a - Beastly Appendage     Trmt           ####..       1%          1    #......
b - Sticks to Snakes      Trmt           ####....     1%          2    ###....
c - Spider Form           Trmt/Pois      ###.......   2%          3    ###....


Dungeon Overview and Level Annotations

Branches:
Dungeon (4/15)
 Temple: D:4-7

Altars:
Gozag
Kikubaaqudgha
Vehumet
The Shining One

Annotations:
D:3 Natasha; Pikel
D:4 Raultor's ghost, amateur OpTm


Message History

Unknown command.
You feel sick.
Natasha zaps a wand.
You resist with some effort. Natasha claws you but does no damage.
Pikel hits you but does no damage. Natasha barely misses you.
You feel sick.
Natasha zaps a wand.
You resist with some effort. Pikel hits you with a whip of freezing.
* * * LOW HITPOINT WARNING * * *
Pikel freezes you.
* * * LOW HITPOINT WARNING * * *
* * * LOW HITPOINT WARNING * * *
You feel sick.
Unknown command.
Drink which item? (? for menu, Esc to quit)
It was a potion of might.
You feel very mighty all of a sudden. Pikel hits you with a whip of freezing.
* * * LOW HITPOINT WARNING * * *
Pikel freezes you.
You die...

######...........# #.
.....'...........# #.
######...........# #.
####.#......# #. #....#......#
#.
###...........###############.
#.'...........................
#<#..(....####################
#.####.......@Kh...>..#
#.####.#########..###.#
#.#.(......# #..# #.#
#.#....###.#####..###.#
#.#....+............#.#
#.#....###'##########.#
#.#.####[...........#.# #.#.#
#......#####.#.# #.#.#
#......# #.#.#


You could see Pikel and Natasha.

Vanquished Creatures
  A hound (D:3)
  Terence (D:3)
  An orc wizard (D:3)
  Natasha (twice) (D:3)
  2 gnolls
  7 adders
  An ooze (D:1)
  A worm (D:3)
  5 giant geckos
  4 orcs (D:3)
  8 bats
  7 hobgoblins
  6 giant cockroaches
  6 giant newts
  13 goblins
  3 jackals (D:3)
  9 kobolds
  6 rats
83 creatures vanquished.

Vanquished Creatures (collateral kills)
  3 goblins (D:1)
  A hobgoblin (D:1)
4 creatures vanquished.

Grand Total: 87 creatures vanquished

Notes
Turn   | Place    | Note
--------------------------------------------------------------
     0 | D:1      | FishmanTm the Merfolk Transmuter began the quest for the Orb.
     0 | D:1      | Reached XP level 1. HP: 15/15 MP: 3/3
    32 | D:1      | Reached XP level 2. HP: 1/23 MP: 1/5
    36 | D:1      | Learned a level 2 spell: Sticks to Snakes
   661 | D:1      | Reached XP level 3. HP: 24/29 MP: 4/6
   666 | D:1      | Learned a level 3 spell: Spider Form
  1960 | D:2      | Reached skill level 4 in Transmutations
  2075 | D:2      | Reached XP level 4. HP: 35/35 MP: 3/7
  2092 | D:2      | Found a glowing golden altar of the Shining One.
  2327 | D:2      | Reached skill level 5 in Transmutations
  2699 | D:3      | Found an ancient bone altar of Kikubaaqudgha.
  2776 | D:3      | Found an opulent altar of Gozag.
  2779 | D:3      | Reached skill level 1 in Evocations
  2874 | D:3      | Noticed Terence
  2874 | D:3      | Noticed Natasha
  3067 | D:3      | Found a radiant altar of Vehumet.
  3116 | D:3      | Reached XP level 5. HP: 31/41 MP: 1/8
  3935 | D:3      | Killed Natasha
  3939 | D:3      | Killed Terence
  3939 | D:3      | Reached skill level 5 in Unarmed Combat
  4018 | D:3      | Noticed Natasha
  4040 | D:3      | Killed Natasha
  4040 | D:3      | Reached XP level 6. HP: 30/47 MP: 3/9
  4194 | D:4      | Noticed Raultor's ghost (amateur OpTm)
  4400 | D:4      | Noticed Pikel
  4418 | D:3      | Noticed Natasha
  4428 | D:3      | HP: 2/47 [poisoned by an adder]
  4429 | D:3      | Slain by Pikel

Vault maps used:
D:1:      lightli_arrival_flooded_house
D:2:      tso_altar, first_bread
D:3:      lemuel_doored_altar, overflow_temple_1_default, lemuel_crystal_altar,
          uniq_terence, uniq_natasha
D:4:      kennysheep_little_box, minmay_temple_entry_junction2,
          lemuel_tele_altar, uniq_pikel

Action                   |  1- 3 |  4- 6 || total
-------------------------+-------+-------++-------
Melee: Unarmed           |   109 |   135 ||   244
 Cast: Beastly Appendage |    12 |     1 ||    13
       Sticks to Snakes  |     5 |     1 ||     6
       Spider Form       |     6 |    21 ||    27
 Abil: End Transformatio |       |     3 ||     3
  Use: Scroll            |       |     2 ||     2
       Potion            |       |     2 ||     2
 Stab: Sleeping          |       |     2 ||     2
  Eat: Chunk             |     5 |    11 ||    16
